 Dungeon Crawl Stone Soup version 0.30-a0-920-g7493c07aab (webtiles) character file.

Game seed: 10281272949320386941

644 cforsyth the Shield-Bearer (level 7, -12/55 HPs)
             Began as a Human Fighter on Mar 22, 2023.
             Mangled by an ogre
             ... wielding a +0 giant club
              (39 damage)
             ... on level 4 of the Dungeon.
             The game lasted 00:04:12 (4350 turns).

cforsyth the Shield-Bearer (Human Fighter)          Turns: 4350, Time: 00:04:13

Health: -12/55     AC:  0    Str: 18    XL:     7   Next: 82%
Magic:  7/7        EV:  9    Int:  8    God:
Gold:   578        SH:  5    Dex: 13    Spells: 6/6 levels left

rFire   . . .      SeeInvis .    a - +0 flail
rCold   . . .      Faith    .    c - +0 buckler
rNeg    . . .      Spirit   .    b - +0 scale mail
rPois   .          Reflect  .    (no helmet)
rElec   .          Rampage  .    (no cloak)
rCorr   .                        (no gloves)
Will    .....                    o - +0 pair of boots Stlth
                                 (no amulet)
HPRegen 0.29/turn                (no ring)
MPRegen 0.10/turn                (no ring)

@: corroded
A: no striking features
a: no special abilities


You were on level 4 of the Dungeon.
You visited 1 branch of the dungeon, and saw 4 of its levels.

You collected 578 gold pieces.

Inventory:

Hand Weapons
 a - a +0 flail (weapon)
Armour
 b - a +0 scale mail (worn)
 c - a +0 buckler (worn)
 o - a +0 pair of boots (worn)
Jewellery
 f - a ring of fire
 k - a ring of see invisible
Scrolls
 g - 2 scrolls of poison {unknown}
 i - 5 scrolls of identify {unknown}
 m - 2 scrolls of blinking {unknown}
 p - a scroll of torment {unknown}
 q - a scroll of fog {unknown}
Potions
 d - 4 potions of might
 e - 2 potions of attraction
 h - 2 potions of mutation {unknown}
 j - a potion of brilliance {unknown}
 l - a potion of heal wounds
 n - a potion of invisibility {unknown}


   Skills:
 + Level 4.9 Fighting
 + Level 4.3 Maces & Flails
 + Level 4.9 Armour
 + Level 5.0 Shields


You had 6 spell levels left.
You didn't know any spells.
Your spell library contained the following spells:

 Spells                   Type           Power      Damage    Failure   Level
 Slow                     Hex            0%         N/A       86%         1
 Confusing Touch          Hex            0%         N/A       99%         3
 Vampiric Draining        Necr           0%         2d6       99%         3


Dungeon Overview and Level Annotations

Branches:
Dungeon (4/15)
 Temple: D:4-7

Altars:


Message History

You sock the endoplasm!
You kill the endoplasm!
No target in view!
No target in view!
No target in view!
No target in view!
A jelly comes into view.
A jelly is nearby!
A jelly is nearby!
A jelly is nearby!
You thump the jelly!
Your hands burn!
The jelly is heavily wounded.
The jelly hits you but does no damage.
You barely miss the jelly.
The jelly is heavily wounded.
The jelly hits you but does no damage.
An ogre comes into view. It is wielding a +0 giant club.
The ogre shouts!
You hit the jelly. The acid corrodes you!
Your hands burn!
The jelly is almost dead.
You block the jelly's attack.
You hit the jelly.
Your hands burn!
The jelly is almost dead.
You block the jelly's attack.
A giant cockroach comes into view.
The jelly hits you. The acid corrodes you!
You are splashed with acid!
You hit the jelly.
Your hands burn!
The jelly is almost dead.
The jelly hits you.
You are splashed with acid!
You are too injured to fight recklessly!
You are too injured to fight recklessly!
You are too injured to fight recklessly!
You are too injured to fight recklessly!
You are too injured to fight recklessly!
The jelly attacks as you move away! The jelly closely misses you.
Unknown command.
The ogre attacks as you move away!
The ogre hits you with a +0 giant club!!!
Ouch! That really hurt!
You die...

.#B. #.#
......... .#.
#.# #######..
..
#.#########..
#B
#.†..........
#..##.###
#.#########.#
#.....J# #.#
#.. ######.#
#.# #.# #O#
#.# #.#
#@####.#
###.#
#......#
#...#
#.####.#
#)#.# #.# #.#
#.#.# #.# #.#
#.#.# #.# #.#
#.#.# #.# #.#
#.#.# #.. #.#
#.#.# ### .#
#.#..


You could see an ogre and a jelly.

Vanquished Creatures
  A sky beast (D:4)
  A black bear (D:4)
  An ogre (D:4)
  2 scorpions (D:4)
  A jelly (D:4)
  A hound (D:4)
  A sleepcap (D:4)
  An iguana (D:4)
  6 gnolls
  2 adders (D:2)
  A worm (D:3)
  3 dart slugs
  3 orcs (D:4)
  9 endoplasms
  4 giant cockroaches
  8 goblins
  6 hobgoblins
  2 jackals (D:1)
  3 quokkas
  6 ball pythons
  6 bats
  3 frilled lizards
  7 kobolds
  4 rats (D:2)
82 creatures vanquished.

Vanquished Creatures (others)
  18 plants (D:3)
18 creatures vanquished.

Grand Total: 100 creatures vanquished

Notes
Turn   | Place    | Note
-------+----------+-------------------------------------------
     0 | D:1      | cforsyth the Human Fighter began the quest for the Orb.
     0 | D:1      | Reached XP level 1. HP: 18/18 MP: 1/1
    62 | D:1      | Reached XP level 2. HP: 12/24 MP: 2/2
   130 | D:1      | Found a faded altar of an unknown god.
   815 | D:2      | Reached XP level 3. HP: 29/29 MP: 3/3
  1206 | D:2      | Reached XP level 4. HP: 21/35 MP: 4/4
  2062 | D:3      | Reached XP level 5. HP: 42/42 MP: 5/5
  3193 | D:4      | Noticed a sky beast
  3208 | D:4      | Killed a sky beast
  3209 | D:4      | Reached skill level 4 in Shields
  3209 | D:4      | Reached XP level 6. HP: 19/48 MP: 6/6
  3426 | D:4      | Noticed an ogre
  3434 | D:4      | Killed an ogre
  3455 | D:4      | Reached XP level 7. HP: 22/55 MP: 7/7
  4307 | D:4      | Reached skill level 5 in Shields
  4350 | D:4      | Mangled by an ogre

Illustrated notes

Levels and vault maps discovered:
D:1:      dpeg_arrival_round_a, layout_basic, basic_ecumenical_altar,
          minmay_misc_feat_x
D:2:      minmay_general_purpose_star, layout_rooms, minmay_misc_feat_tiny
D:3:      layout_loops_corners, kennysheep_cluttered_room, wad_woods_river_04,
          grunt_decor_resistance, nicolae_grassy_gnolls
D:4:      minmay_polygon_palace, layout_loops_ring, minmay_misc_feat_diagonals

Skill      XL: |  1  2  3  4  5  6  7 |
---------------+----------------------+-----
Maces & Flails | 3 4 |  4.3
Fighting       | 4 |  4.9
Armour         | 4 |  4.9
Shields        | 4 5 |  5.0

Action                     |  1- 3 |  4- 6 |  7- 9 || total
---------------------------+-------+-------+-------++-------
  Melee: Flail             |    80 |   212 |    82 ||   374
    Use: Potion            |       |     3 |     1 ||     4
 Armour: Scale mail        |    30 |    68 |    53 ||   151
  Dodge: Dodged            |    33 |    98 |    37 ||   168
  Block: Buckler           |    25 |    56 |    17 ||    98

Table legend: (Time is in decaauts)
 A = Elapsed time spent in this place.
 B = Non-inter-level travel time spent in this place.
 C = Inter-level travel time spent in this place.
 D = Time resting spent in this place.
 E = Time spent auto-exploring this place.
 F = Levels seen in this place.
 G = Mean time per level.
                   A        B        C        D        E       F      G
               +--------+--------+--------+--------+--------+-----+--------+
         Total |   4480 |   4426 |     54 |    279 |   3279 |   4 | 1120.0 |
       Dungeon |   4480 |   4426 |     54 |    279 |   3279 |   4 | 1120.0 |
               +--------+--------+--------+--------+--------+-----+--------+

Top non-repeatable levels by time:
     D:3: 1271 daAuts
     D:4: 1188 daAuts
     D:1: 1061 daAuts
     D:2: 959 daAuts
